 Dungeon Crawl Stone Soup version 0.15.2 (webtiles) character file.

131 McChicken the Skirmisher (level 4, 0/36 HPs)
             Began as a Demonspawn Berserker on Nov 13, 2015.
             Was a Priest of Trog.
             Slain by TittyCrusher's ghost (3 damage)
             ... on Level 3 of the Dungeon.
             The game lasted 00:10:13 (4543 turns).

McChicken the Skirmisher (Demonspawn Berserker)     Turns: 4543, Time: 00:10:13

HP   0/36        AC 11     Str 18      XL: 4   Next: 91%
MP   4/4         EV 11     Int  9      God: Trog [***...]
Gold 125         SH  0     Dex 12      Spells:  0 memorised,  3 levels left

rFire  . . .     SeeInvis .     a - +0 spear
rCold  . . .     Clarity  .     d - +0 ring mail
rNeg   . . .     rCorr    +     (no shield)
rPois  .         rRot     .     i - +0 helmet
rElec  .         Spirit   .     h - +0 cloak
SustAb .         Warding  .     g - +0 pair of gloves
rMut   .         Stasis   .     (no boots)
Gourm  .                        k - amulet of resist corrosion
MR     .....                    (no ring)
                                j - +1 ring of evasion

@: exhausted, slowed, very slow, not resistant to hostile enchantments,
extremely unstealthy
A: hooves 1, thin metallic scales 1, spiny 1
a: Burn Spellbooks, Berserk, Trog's Hand, Renounce Religion


You were on level 3 of the Dungeon.
You worshipped Trog.
Trog was most pleased with you.
You were very hungry.

You visited 1 branch of the dungeon, and saw 3 of its levels.

You collected 125 gold pieces.

Inventory:

Hand weapons
 a - a +0 spear (weapon)
Armour
 d - a +0 ring mail (worn)
 g - a +0 pair of gloves (worn)
 h - a +0 cloak (worn)
 i - a +0 helmet (worn)
Magical devices
 n - a wand of frost (6) {unknown}
Scrolls
 b - a scroll of random uselessness {unknown}
 c - a scroll of immolation {unknown}
 f - a scroll of magic mapping {unknown}
 l - 2 scrolls of remove curse
 m - a scroll of noise {unknown}
Jewellery
 j - a +1 ring of evasion (left hand)
 k - an amulet of resist corrosion (around neck)
Potions
 e - 4 potions of curing {unknown}


   Skills:
 + Level 3.6 Fighting
 + Level 3.4 Polearms
 + Level 2.9 Armour
 + Level 2.8 Dodging


You had 3 spell levels left.
You didn't know any spells.

Dungeon Overview and Level Annotations

Branches:
Dungeon (3/15)

Altars:

Annotations:
D:3 TittyCrusher's ghost, average DrMo


Innate Abilities, Weirdness & Mutations

You have large cloven feet.
You are partially covered in thin metallic scales (AC +2).
You are partially covered in sharp spines.


Message History

TittyCrusher's ghost hits you but does no damage.
TittyCrusher's ghost whispers, "You will understand me better in a moment."
TittyCrusher's ghost hits you.
* * * LOW HITPOINT WARNING * * *
You hit TittyCrusher's ghost. Your kick misses TittyCrusher's ghost.
TittyCrusher's ghost is severely damaged.
TittyCrusher's ghost barely misses you.
You closely miss TittyCrusher's ghost. Your kick misses TittyCrusher's ghost.
TittyCrusher's ghost is severely damaged.
TittyCrusher's ghost barely misses you. TittyCrusher's ghost misses you.
You closely miss TittyCrusher's ghost. Your kick misses TittyCrusher's ghost.
TittyCrusher's ghost is severely damaged.
TittyCrusher's ghost hits you.
* * * LOW HITPOINT WARNING * * *
You hit TittyCrusher's ghost but do no damage.
TittyCrusher's ghost is severely damaged.
TittyCrusher's ghost hits you.
* * * LOW HITPOINT WARNING * * *
TittyCrusher's ghost hits you.
You die...

#..# ###♣≈♣≈♣# ### #..#
#♣≈≈%♣# #####...##
#..####
#♣≈♣≈♣##.........#
#..#..# ♣≈♣#♣≈#..#
...... ...#.## P≈♣
♣≈'..# ....
......##+##♣≈≈♣#..# ...
.<........#### #..# #.#
#.##.......######(####?#
#...............@W).((.#
###...............####.#
#>############..# #.# #.
#..# #.# #. #... ..# ..
##... ... # ###. ).#
.####


You could see TittyCrusher's ghost.

Vanquished Creatures
  4 adders
  3 worms
  5 giant cockroaches
  9 goblins
  13 hobgoblins
  14 bats
  2 giant geckos
  4 giant newts (D:1)
  5 jackals
  7 kobolds
  7 rats
73 creatures vanquished.

Notes
Turn   | Place    | Note
--------------------------------------------------------------
     0 | D:1      | McChicken, the Demonspawn Berserker, began the quest for the Orb.
     0 | D:1      | Reached XP level 1. HP: 18/18 MP: 1/1
     2 | D:1      | Noticed an elf
     2 | D:1      | Noticed an octopode
     4 | D:1      | Noticed a tengu
     4 | D:1      | Noticed an ogre
     6 | D:1      | Noticed a human
     8 | D:1      | Noticed a draconian
     8 | D:1      | Noticed a formicid
    10 | D:1      | Noticed a gargoyle
    10 | D:1      | Noticed a ghoul
    12 | D:1      | Noticed a vine stalker
    14 | D:1      | Noticed a vampire
    14 | D:1      | Noticed a naga
    16 | D:1      | Noticed a spriggan
    16 | D:1      | Noticed a merfolk
    18 | D:1      | Noticed a minotaur
    20 | D:1      | Noticed a demigod
    20 | D:1      | Noticed a felid
    22 | D:1      | Noticed a centaur
    22 | D:1      | Noticed a demonspawn
    24 | D:1      | Noticed a troll
    24 | D:1      | Noticed a dwarf
   435 | D:1      | Gained mutation: You are partially covered in thin metallic scales (AC +2). [demonic ancestry]
   435 | D:1      | Reached XP level 2. HP: 17/24 MP: 2/2
  1356 | D:1      | Acquired Trog's second power
  1720 | D:1      | Gained mutation: You are partially covered in sharp spines. [demonic ancestry]
  1720 | D:1      | Reached XP level 3. HP: 29/29 MP: 3/3
  3089 | D:2      | Gained mutation: You have large cloven feet. [demonic ancestry]
  3089 | D:2      | Reached XP level 4. HP: 13/35 MP: 4/4
  4496 | D:3      | Noticed TittyCrusher's ghost (average DrMo)
  4543 | D:3      | Slain by TittyCrusher's ghost

Action                   |  1- 3 |  4- 6 || total
-------------------------+-------+-------++-------
Melee: Spear             |   210 |    94 ||   304
Invok: Berserk           |       |     1 ||     1
       Trog's Hand       |       |     1 ||     1
  Use: Scroll            |     1 |       ||     1
  Eat: Bread ration      |     1 |       ||     1
       Royal jelly       |     1 |       ||     1
       Meat ration       |       |     1 ||     1
